Map: Ruby Rock LE

Players

HuShang

  • Race: Protoss Protoss
  • Spawn Location: 11:00

A.I. 2 (Very Easy) - Winner!

  • Race: Protoss Protoss
  • Spawn Location: 5:00

VOD

Have the link to the VOD?

Description

Time

  • Played on: Nov. 22, 2025, 4:29 p.m.
  • Length: 7:42
Show
View Real Time Build Order
Export as new Build Order

HuShang Protoss 

Build Orders: Phoenix Opening, Blink Stalkers, Zealot Archon 

Get SALT Encoding   

  12  0:00  Probe  
  13  0:12  Probe  
  14  0:18  Pylon  
  14  0:24  Probe  
  15  0:36  Probe  
  15  0:38  Gateway  
  16  0:44  Assimilator, Probe  
  17  0:52  Probe  
  17  0:53  Assimilator  
  18  1:03  Probe  
  19  1:15  Probe, Gateway  
  20  1:26  Cybernetics Core  
  20  1:27  Probe  
  21  1:35  Pylon  
  21  1:39  Probe  
  22  1:52  Probe  
  23  2:02  Stalker  
  23  2:07  Sentry  
  27  2:17  Warp Gate  
  27  2:18  Pylon  
  27  2:25  Nexus  
  27  2:28  Probe  
  28  2:32  Phoenix  
  28  2:35  Sentry  
  30  2:40  Shield Battery  
  30  2:42  Probe  
  31  2:45  Stalker  
  33  2:54  Probe  
  34  3:04  Probe  
  34  3:06  Twilight Council  
  35  3:12  Probe  
  35  3:13  Blink  
  36  3:20  Probe  
  37  3:32  Probe  
  38  3:35  Stalker  
  38  3:40  Probe  
  41  3:45  Probe  
  42  3:52  Probe  
  42  3:53  Phoenix  
  43  3:57  Probe  
  44  4:04  Probe  
  44  4:05  Pylon  
  44  4:09  Probe  
  46  4:13  Stalker x2  
  46  4:16  Probe  
  51  4:21  Probe  
  52  4:25  Nexus  
  52  4:28  Probe  
  53  4:33  Probe  
  53  4:37  Stalker x2  
  58  4:40  Probe  
  58  4:41  Pylon  
  58  4:45  Probe  
  60  4:53  Probe  
  60  4:57  Probe  
  62  5:01  Pylon  
  62  5:02  Stalker x2  
  62  5:05  Probe  
  62  5:07  Charge, Robotics Facility  
  67  5:09  Probe  
  68  5:15  Forge  
  68  5:17  Probe  
  69  5:21  Probe  
  69  5:22  Protoss Ground Weapons Level 1  
  69  5:24  Assimilator  
  70  5:29  Probe  
  70  5:33  Probe  
  70  5:34  Stalker x2  
  76  5:38  Probe  
  76  5:41  Probe  
  78  5:45  Probe  
  79  5:50  Probe, Gateway x2  
  79  5:53  Probe  
  79  5:55  Gateway  
  81  5:59  Gateway  
  81  6:00  Probe  
  81  6:02  Probe  
  83  6:05  Probe  
  83  6:07  Gateway  
  83  6:08  Gateway  
  84  6:14  Templar Archives  
  84  6:15  Probe x2  
  84  6:17  Probe  
  87  6:22  Assimilator  
  87  6:24  Assimilator  
  87  6:27  Probe  
  87  6:29  Probe  
  89  6:33  Pylon  
  89  6:34  Pylon  
  89  6:46  Gateway  
  89  6:47  Warp Prism  
  89  6:48  Gateway  
  89  6:50  Gateway  
  89  6:54  High Templar x2, Zealot x3  
  91  6:55  Zealot  
  103  7:03  Photon Cannon  
  103  7:04  Pylon  
  103  7:05  Pylon  
  103  7:07  Pylon  
  103  7:08  Archon  
  103  7:10  Zealot x2  
Show
View Real Time Build Order
Export as new Build Order

A.I. 2 (Very Easy) Protoss - Winner!

Build Orders: 1 Gate Expand, Nexus First 

Get SALT Encoding   

  12  0:00  Probe  
  13  0:13  Probe  
  14  0:20  Pylon  
  14  0:42  Gateway  
  14  1:00  Nexus  
  14  1:20  Pylon  
  14  1:21  Zealot  
  14  1:25  Assimilator  
  16  1:38  Cybernetics Core  
  16  1:39  Probe  
  17  1:51  Probe  
  18  2:01  Assimilator, Probe  
  19  2:10  Probe  
  19  2:13  Stalker  
  20  2:16  Probe  
  20  2:21  Probe  
  23  2:28  Probe, Warp Gate  
  25  2:39  Probe  
  26  2:49  Probe  
  27  2:52  Pylon  
  27  2:53  Assimilator  
  27  2:56  Probe  
  28  3:02  Probe  
  29  3:11  Probe  
  29  3:12  Robotics Facility  
  30  3:18  Probe  
  31  3:29  Probe  
  31  3:30  Zealot  
  31  3:32  Probe  
  35  3:43  Probe  
  36  3:50  Probe  
  37  3:58  Probe  
  37  3:59  Observer  
  39  4:05  Probe  
  39  4:09  Probe  
  40  4:12  Observer  
  40  4:13  Assimilator  
  41  4:19  Probe  
  41  4:22  Probe  
  44  4:33  Probe  
  44  4:37  Pylon  
  45  4:41  Probe  
  45  4:43  Sentry  
  48  4:48  Probe  
  49  4:55  Probe  
Tags
 
Add a new tag
Caveats
  • Supply blocks, unpowered buildings, or Contaminate may cause inaccurate times.
  • Supply counts are checked every 10 seconds.